SL
LEXINGTON LEMMINGS @ NORTHERN VIRGINIA RETRIEVERS
08/17/2020
 
TOP OF THE 1ST
Lexington Lemmings batting - Pitching for Northern Virginia Retrievers : RHP Javier Mora
Pitching: RHP Javier Mora
Batting: LHB Brad Elmore 0-0: Called Strike
0-1: Foul Ball, location: 2F
0-2: Ball
1-2: Strikes out looking
Batting: RHB Júlio Morín 0-0: Called Strike
0-1: Swinging Strike
0-2: Ball
1-2: Strikes out swinging
Batting: RHB Juan Cabrera 0-0: SINGLE (Flyball, 78S)
Batting: LHB Félix Pérez 0-0: DOUBLE (Line Drive, 3L)
Juan Cabrera to third
Batting: LHB Jeff Walsh 0-0: Ball
1-0: Foul Ball, location: 2F
1-1: Swinging Strike
1-2: Strikes out swinging
Top of the 1st over - 0 run(s), 2 hit(s), 0 error(s), 2 left on base; Lexington 0 - Northern Virginia 0
BOTTOM OF THE 1ST
Northern Virginia Retrievers batting - Pitching for Lexington Lemmings : LHP Leslie Brooks
Pitching: LHP Leslie Brooks
Batting: LHB Roberto Salazar 0-0: Ball
1-0: Ball
2-0: SINGLE (Line Drive, 4D)
Batting: SHB Ramiro Salazar 0-0: Called Strike
0-1: Ball
1-1: Foul Ball, location: 2F
1-2: Ball
2-2: SINGLE (Flyball, 78M)
Roberto Salazar to second
Batting: RHB Iván Pérez 0-0: Ball
1-0: Foul Ball, location: 2F
1-1: Ball
2-1: Foul Ball, location: 2F
2-2: Foul Ball, location: 2F
2-2: 3-RUN HOME RUN (Flyball, 78XD), Distance : 420 ft
Batting: RHB José Rodríguez 0-0: Called Strike
0-1: Ball
1-1: Foul Ball, location: 2F
1-2: Ball
2-2: Foul Ball, location: 2F
2-2: Ball
3-2: Base on Balls
Batting: RHB Carl Good 0-0: Ball
1-0: Ball
2-0: Ball
3-0: Base on Balls
José Rodríguez to second
Batting: RHB Donald Stanley 0-0: Ball
1-0: Called Strike
1-1: Ball
2-1: Foul Ball, location: 2F
2-2: Grounds out, U3 (Groundball, 3L)
José Rodríguez to third
Batting: RHB Harris Harden 0-0: Ball
1-0: Ball
2-0: Foul Ball, location: 2F
2-1: Called Strike
2-2: Ball
3-2: Base on Balls
Batting: RHB Micheal Murdoch 0-0: Ball
1-0: Called Strike
1-1: Ball
Wild Pitch!
José Rodríguez scores
Carl Good to third
Harris Harden to second
2-1: Fly out, F8 (Flyball, 8LXD)
Runner from 3rd tags up, SCORES, no throw
Batting: RHB Javier Mora 0-0: Ball
1-0: Foul Ball, location: 2F
1-1: Ball
2-1: Swinging Strike
2-2: Strikes out swinging
Bottom of the 1st over - 5 run(s), 3 hit(s), 0 error(s), 1 left on base; Lexington 0 - Northern Virginia 5
TOP OF THE 2ND
Lexington Lemmings batting - Pitching for Northern Virginia Retrievers : RHP Javier Mora
Batting: RHB Júlio Gruzmán 0-0: Called Strike
0-1: Ball
1-1: Swinging Strike
1-2: Ball
2-2: Fly out, F1 (Popup, 3S)
Batting: RHB Gustavo Mateo 0-0: Ball
1-0: Called Strike
1-1: Ball
2-1: Foul Ball, location: 2F
2-2: Ball
3-2: Strikes out swinging
Batting: SHB José Carlos Nieves 0-0: Ball
1-0: Swinging Strike
1-1: Ball
2-1: Ball
3-1: Foul Ball, location: 2F
3-2: Strikes out swinging
Top of the 2nd over - 0 run(s), 0 hit(s), 0 error(s), 0 left on base; Lexington 0 - Northern Virginia 5
BOTTOM OF THE 2ND
Northern Virginia Retrievers batting - Pitching for Lexington Lemmings : LHP Leslie Brooks
Batting: LHB Roberto Salazar 0-0: Called Strike
0-1: TRIPLE (Line Drive, 8LM)
Batting: SHB Ramiro Salazar 0-0: SINGLE (Groundball, 56D)
Roberto Salazar scores
Batting: RHB Iván Pérez 0-0: Ball
1-0: Foul Ball, location: 2F
1-1: Ball
2-1: Fly out, F4 (Popup, 34)
Batting: RHB José Rodríguez 0-0: Ball
1-0: Swinging Strike
1-1: Swinging Strike
1-2: Strikes out looking
Batting: RHB Carl Good 0-0: Fielders Choice at 2nd, 6-4 (Groundball, 6)
Bottom of the 2nd over - 1 run(s), 2 hit(s), 0 error(s), 0 left on base; Lexington 0 - Northern Virginia 6
TOP OF THE 3RD
Lexington Lemmings batting - Pitching for Northern Virginia Retrievers : RHP Javier Mora
Batting: LHB Leslie Brooks 0-0: Ball
1-0: Ball
2-0: Called Strike
2-1: Ball
3-1: Foul Ball, location: 2F
3-2: Foul Ball, location: 2F
3-2: Base on Balls
Batting: LHB Brad Elmore 0-0: Ball
1-0: Ball
2-0: Called Strike
2-1: Called Strike
2-2: Ball
3-2: Ground out 1-3 (Groundball, 34S)
Leslie Brooks to second
Batting: RHB Júlio Morín 0-0: Ball
1-0: Foul Ball, location: 2F
1-1: Ball
2-1: Called Strike
2-2: Foul Ball, location: 2F
2-2: Ball
3-2: Fly out, F8 (Flyball, 8RM)
Batting: RHB Juan Cabrera 0-0: Foul Ball, location: 2F
0-1: Foul Ball, location: 2F
0-2: Ball
1-2: 2-RUN HOME RUN (Flyball, 7D), Distance : 400 ft
Batting: LHB Félix Pérez 0-0: Ball
1-0: Ball
2-0: Ball
3-0: Base on Balls
Batting: LHB Jeff Walsh 0-0: Ball
1-0: Ground out 4-3 (Groundball, 4)
Top of the 3rd over - 2 run(s), 1 hit(s), 0 error(s), 1 left on base; Lexington 2 - Northern Virginia 6
BOTTOM OF THE 3RD
Northern Virginia Retrievers batting - Pitching for Lexington Lemmings : LHP Leslie Brooks
Batting: RHB Donald Stanley 0-0: Called Strike
0-1: Ball
1-1: Ball
2-1: SINGLE (Groundball, 56D)
Batting: RHB Harris Harden 0-0: Called Strike
Throwing error on steal attempt, E2
Donald Stanley to third
0-1: Swinging Strike
0-2: Strikes out looking
Batting: RHB Micheal Murdoch 0-0: Ball
1-0: Foul Ball, location: 2F
1-1: Swinging Strike
1-2: Strikes out swinging
Batting: RHB Javier Mora 0-0: Foul Ball, location: 2F
0-1: Called Strike
Steal of home, Donald Stanley is out
Bottom of the 3rd over - 0 run(s), 1 hit(s), 1 error(s), 0 left on base; Lexington 2 - Northern Virginia 6
TOP OF THE 4TH
Lexington Lemmings batting - Pitching for Northern Virginia Retrievers : RHP Javier Mora
Batting: RHB Júlio Gruzmán 0-0: Ball
1-0: Ball
2-0: Foul Ball, location: 2F
2-1: Ball
3-1: Foul Ball, location: 2F
3-2: Strikes out swinging
Batting: RHB Gustavo Mateo 0-0: Swinging Strike
0-1: Swinging Strike
0-2: Foul Ball, location: 2F
0-2: Ball
1-2: Strikes out swinging
Batting: SHB José Carlos Nieves 0-0: Ball
1-0: Ground out U3 (Groundball, 3)
Top of the 4th over - 0 run(s), 0 hit(s), 0 error(s), 0 left on base; Lexington 2 - Northern Virginia 6
BOTTOM OF THE 4TH
Northern Virginia Retrievers batting - Pitching for Lexington Lemmings : LHP Leslie Brooks
Pitching: RHP Austin Abbott
Batting: RHB Javier Mora 0-0: Ball
1-0: Called Strike
1-1: Ball
2-1: Called Strike
2-2: Strikes out swinging
Batting: LHB Roberto Salazar 0-0: Ball
1-0: Called Strike
1-1: Ball
2-1: SINGLE (Groundball, 4MD)
Batting: SHB Ramiro Salazar 0-0: Ball
Roberto Salazar steals 2nd base
1-0: Ball
2-0: Ground out 6-3 (Groundball, 6M)
Roberto Salazar to third
Batting: RHB Iván Pérez 0-0: Ball
1-0: Ball
2-0: Foul Ball, location: 2F
2-1: Ball
3-1: Ground out 5-3 (Groundball, 56)
Bottom of the 4th over - 0 run(s), 1 hit(s), 0 error(s), 1 left on base; Lexington 2 - Northern Virginia 6
TOP OF THE 5TH
Lexington Lemmings batting - Pitching for Northern Virginia Retrievers : RHP Javier Mora
Batting: RHB Austin Abbott 0-0: Ground out 6-3 (Groundball, 6)
Batting: LHB Brad Elmore 0-0: Ball
1-0: SINGLE (Flyball, 7S)
Batting: RHB Júlio Morín 0-0: SINGLE (Line Drive, 6D)
Brad Elmore to second
Batting: RHB Juan Cabrera 0-0: Ball
1-0: Ball
2-0: Ball
3-0: Base on Balls
Brad Elmore to third
Júlio Morín to second
Batting: LHB Félix Pérez 0-0: Ball
1-0: Ball
2-0: Ball
3-0: Called Strike
3-1: Base on Balls
Brad Elmore scores
Júlio Morín to third
Juan Cabrera to second
Batting: LHB Jeff Walsh 0-0: Ball
1-0: Fly out, F7 (Flyball, 78D)
Runner from 3rd tags up, SCORES, no throw
Batting: RHB Júlio Gruzmán 0-0: Ball
1-0: Ball
2-0: Foul Ball, location: 2F
2-1: Ball
3-1: Called Strike
3-2: SINGLE (Flyball, 89S)
Juan Cabrera to third
Félix Pérez to second
Juan Cabrera scores
Félix Pérez to third
Batting: RHB Gustavo Mateo 0-0: Ball
1-0: Called Strike
1-1: Ball
2-1: Called Strike
2-2: SINGLE (Groundball, 56)
Félix Pérez scores
Júlio Gruzmán to second
Pitching: RHP Juan Pińa
Batting: SHB José Carlos Nieves 0-0: Ball
1-0: Foul Ball, location: 2F
1-1: Ball
2-1: Called Strike
2-2: Strikes out swinging
Top of the 5th over - 4 run(s), 4 hit(s), 0 error(s), 2 left on base; Lexington 6 - Northern Virginia 6
BOTTOM OF THE 5TH
Northern Virginia Retrievers batting - Pitching for Lexington Lemmings : RHP Austin Abbott
Batting: RHB José Rodríguez 0-0: Called Strike
0-1: Ball
1-1: Called Strike
1-2: Strikes out swinging
Batting: RHB Carl Good 0-0: Foul Ball, location: 2F
0-1: Ball
1-1: Ball
2-1: Foul Ball, location: 2F
2-2: Ball
3-2: Strikes out looking
Batting: RHB Donald Stanley 0-0: Swinging Strike
0-1: Ball
1-1: Ball
2-1: Foul Ball, location: 2F
2-2: Strikes out swinging
Bottom of the 5th over - 0 run(s), 0 hit(s), 0 error(s), 0 left on base; Lexington 6 - Northern Virginia 6
TOP OF THE 6TH
Lexington Lemmings batting - Pitching for Northern Virginia Retrievers : RHP Juan Pińa
Pinch Hitting: RHB Brett Robinson 0-0: Called Strike
0-1: DOUBLE (Flyball, 7M)
Batting: LHB Brad Elmore 0-0: Ball
1-0: Ball
2-0: Ball
3-0: Called Strike
3-1: Base on Balls
Batting: RHB Júlio Morín 0-0: Sac Bunt - play at first, batter OUT! 3-4
Brett Robinson to third
Brad Elmore to second
Batting: RHB Juan Cabrera 0-0: Ball
1-0: Ball
2-0: Ball
3-0: Base on Balls
Batting: LHB Félix Pérez 0-0: Foul Ball, location: 2F
0-1: Ground out 3-1 (Groundball, 34S)
Brett Robinson scores
Brad Elmore to third
Juan Cabrera to second
Batting: LHB Jeff Walsh 0-0: Foul Ball, location: 2F
0-1: Ball
1-1: Fly out, F7 (Flyball, 7M)
Top of the 6th over - 1 run(s), 1 hit(s), 0 error(s), 2 left on base; Lexington 7 - Northern Virginia 6
BOTTOM OF THE 6TH
Northern Virginia Retrievers batting - Pitching for Lexington Lemmings : RHP Austin Abbott
Pitching: LHP Greg Jordan
Batting: RHB Harris Harden 0-0: Foul Ball, location: 2F
0-1: Foul Ball, location: 2F
0-2: Fly out, F4 (Popup, 6MD)
Batting: RHB Micheal Murdoch 0-0: Fly out, F9 (Flyball, 9S)
Pinch Hitting: SHB Gustavo Fuentes 0-0: Called Strike
0-1: Foul Ball, location: 2F
0-2: Ball
1-2: Ground out 4-3 (Groundball, 4)
Bottom of the 6th over - 0 run(s), 0 hit(s), 0 error(s), 0 left on base; Lexington 7 - Northern Virginia 6
TOP OF THE 7TH
Lexington Lemmings batting - Pitching for Northern Virginia Retrievers : RHP Juan Pińa
Pitching: RHP Drake Montgomery
Batting: RHB Júlio Gruzmán 0-0: Called Strike
0-1: Foul Ball, location: 2F
0-2: Ball
1-2: Ball
2-2: SINGLE (Line Drive, 6MD)
Pinch Hitting: RHB Cory Staton 0-0: Ball
1-0: Ball
2-0: Bunted foul
2-1: Sac Bunt - play at first, batter OUT! 1-4
Júlio Gruzmán to second
Batting: SHB José Carlos Nieves 0-0: Ground out 4-3 (Groundball, 4)
Júlio Gruzmán to third
Pinch Hitting: RHB Yoshiyuki Sasaki 0-0: Fly out, F8 (Flyball, 8RM)
Top of the 7th over - 0 run(s), 1 hit(s), 0 error(s), 1 left on base; Lexington 7 - Northern Virginia 6
BOTTOM OF THE 7TH
Northern Virginia Retrievers batting - Pitching for Lexington Lemmings : LHP Greg Jordan
Pitching: RHP Lawrence Bignold
Now at 3B: Cory Staton
Batting: LHB Roberto Salazar 0-0: Ball
1-0: SINGLE (Groundball, 2L) (infield hit)
Batting: SHB Ramiro Salazar 0-0: Ball
1-0: Bunted foul
1-1: Ball
2-1: Sac Bunt - play at first, batter OUT! 1-4
Roberto Salazar to second
Batting: RHB Iván Pérez 0-0: Called Strike
0-1: Called Strike
0-2: Ball
1-2: Fly out, F8 (Flyball, 89M)
Runner from 2nd tags up, OUT at 3rd
Bottom of the 7th over - 0 run(s), 1 hit(s), 0 error(s), 0 left on base; Lexington 7 - Northern Virginia 6
TOP OF THE 8TH
Lexington Lemmings batting - Pitching for Northern Virginia Retrievers : RHP Drake Montgomery
Batting: LHB Brad Elmore 0-0: Ball
1-0: Ball
2-0: Called Strike
2-1: Foul Ball, location: 2F
2-2: Ball
3-2: SINGLE (Groundball, 34D)
Batting: RHB Júlio Morín 0-0: Sac Bunt - play at first, batter OUT! 1-4
Brad Elmore to second
Batting: RHB Juan Cabrera 0-0: Intentional Walk
Batting: LHB Félix Pérez 0-0: Ball
1-0: Ball
2-0: Called Strike
2-1: Fly out, F9 (Line Drive, 89D)
Runner from 2nd tags up, SAFE at 3rd, no throw
Batting: LHB Jeff Walsh 0-0: Ball
1-0: Called Strike
1-1: Fly out, F7 (Flyball, 7LS)
Top of the 8th over - 0 run(s), 1 hit(s), 0 error(s), 2 left on base; Lexington 7 - Northern Virginia 6
BOTTOM OF THE 8TH
Northern Virginia Retrievers batting - Pitching for Lexington Lemmings : RHP Lawrence Bignold
Pitching: RHP Javier López
Batting: RHB José Rodríguez 0-0: Called Strike
0-1: Ball
1-1: Called Strike
1-2: Strikes out swinging
Batting: RHB Carl Good 0-0: SINGLE (Line Drive, 78S)
Pinch Hitting: LHB Munemori Ohara 0-0: Ball
1-0: Grounds into double play, U6-3 (Groundball, 6M)
Bottom of the 8th over - 0 run(s), 1 hit(s), 0 error(s), 0 left on base; Lexington 7 - Northern Virginia 6
TOP OF THE 9TH
Lexington Lemmings batting - Pitching for Northern Virginia Retrievers : RHP Drake Montgomery
Pitching: RHP Kyung-un Yi
Now at 2B: Chris Lowe
Now in CF: Munemori Ohara
Batting: RHB Júlio Gruzmán 0-0: Called Strike
0-1: Ball
1-1: Swinging Strike
1-2: Strikes out swinging
Batting: RHB Cory Staton 0-0: Ball
1-0: Ball
2-0: SINGLE (Line Drive, 56)
Batting: SHB José Carlos Nieves 0-0: Ball
1-0: Ball
2-0: Called Strike
2-1: Ball
3-1: Called Strike
3-2: Strikes out swinging
Pinch Hitting: RHB Miguel Silva 0-0: Ball
1-0: Called Strike
1-1: Ground out 1-3 (Groundball, 25)
Top of the 9th over - 0 run(s), 1 hit(s), 0 error(s), 1 left on base; Lexington 7 - Northern Virginia 6
BOTTOM OF THE 9TH
Northern Virginia Retrievers batting - Pitching for Lexington Lemmings : RHP Javier López
Pitching: RHP Gabriel Hidalgo
Batting: RHB Harris Harden 0-0: Foul Ball, location: 2F
0-1: Ball
1-1: Swinging Strike
1-2: Strikes out swinging
Batting: RHB Micheal Murdoch 0-0: Swinging Strike
0-1: Fly out, F8 (Popup, 4MD)
Batting: RHB Chris Lowe 0-0: Called Strike
0-1: Ball
1-1: Ball
2-1: Swinging Strike
2-2: Strikes out swinging
Bottom of the 9th over - 0 run(s), 0 hit(s), 0 error(s), 0 left on base; Lexington 7 - Northern Virginia 6
This league is powered by Out of the Park Baseball, the baseball management simulation game for PC, Mac and Linux
Friday, October 23rd, 2015 - OOTP Baseball 16.9 Build 39